 Dungeon Crawl Stone Soup version 0.24.0-37-gcf1ca852f1 (webtiles) character file.

Game seed: 16756634541109063215, levelgen mode: deterministic

154 Cryoshakespeare the Skirmisher (level 5, -9/42 HPs)
             Began as a Vampire Fighter on Dec 2, 2019.
             Was a Believer of Uskayaw.
             Killed from afar by an orc wizard (10 damage)
             ... with a magic dart
             ... on level 3 of the Dungeon.
             The game lasted 00:02:38 (1562 turns).

Cryoshakespeare the Skirmisher (Vampire Fighter)    Turns: 1562, Time: 00:02:39

Health: -9/42      AC:  6    Str: 16    XL:     5   Next: 13%
Magic:  5/5        EV: 11    Int: 11    God:    Uskayaw [**....]
Gold:   124        SH:  9    Dex: 18    Spells: 4/4 levels left

rFire    . . .     SeeInvis +   a - +0 long sword
rCold    . . .     Gourm    .   c - +0 shield
rNeg     . . .     Faith    .   b - +0 scale mail
rPois    +         Spirit   .   (no helmet)
rElec    .         Reflect  .   (no cloak)
rCorr    .         Harm     .   (no gloves)
MR       .....                  (no boots)
Stlth    +.........             (no amulet)
HPRegen  0.34/turn              i - ring of poison resistance
MPRegen  0.09/turn              (no ring)

@: agile, regenerating quickly
A: no food, fangs 3, see invisible, unbreathing
a: Exsanguinate, Stomp, Line Pass, Renounce Religion


You were on level 3 of the Dungeon.
You worshipped Uskayaw.
Uskayaw was noncommittal.
You were alive.

You visited 1 branch of the dungeon, and saw 3 of its levels.

You collected 124 gold pieces.

Inventory:

Hand Weapons
 a - a +0 long sword (weapon)
Armour
 b - a +0 scale mail (worn)
 c - a +0 shield (worn)
Jewellery
 i - a ring of poison resistance (left hand)
Scrolls
 e - 2 scrolls of teleportation {unknown}
 f - 4 scrolls of random uselessness {unknown}
 g - 2 scrolls of fog {unknown}
 j - a scroll of immolation {unknown}
 k - 3 scrolls of fear {unknown}
 l - 4 scrolls of identify {unknown}
 m - 2 scrolls of amnesia {unknown}
 n - 4 scrolls of remove curse {unknown}
 r - a scroll of noise {unknown}
Potions
 d - a potion of might
 h - 2 potions of agility
 o - 2 potions of heal wounds {unknown}
 p - 3 potions of ambrosia {unknown}
 q - 2 potions of cancellation {unknown}


   Skills:
 + Level 3.7 Fighting
 + Level 3.3 Long Blades
 + Level 3.3 Armour
 - Level 2.6 Shields
 + Level 1.0 Invocations


You had 4 spell levels left.
You didn't know any spells.
Your spell library was empty.

Dungeon Overview and Level Annotations

Branches:
Dungeon (3/15)

Altars:
Cheibriados
Okawaru
Uskayaw
Vehumet
Wu Jian


Innate Abilities, Weirdness & Mutations

You do not eat.
Your natural rate of healing is unusually fast.
You have razor-sharp teeth.
You have supernaturally acute eyesight. (SInv)
You can survive without breathing.


Message History

The orc wizard hits you with a +0 dagger.
* * * LOW HITPOINT WARNING * * *
The orc completely misses you.
The orc wizard hits you but does no damage.
You block the goblin's attack.
You closely miss the orc wizard. Your bite misses the orc wizard.
The orc wizard is moderately wounded.
The orc wizard casts a spell at you. The magic dart hits you!
* * * LOW HITPOINT WARNING * * *
The orc hits you from afar with a cursed -3 trident.
* * * LOW HITPOINT WARNING * * *
The orc wizard hits you but does no damage.
You block the goblin's attack. The orc hits you but does no damage.
It was a potion of agility.
You feel agile all of a sudden. You block the orc wizard's attack.
The goblin hits you but does no damage.
The orc wizard points at you and mumbles some strange words.
The magic dart hits you!
You die...

#### #o. #o# #@#
#######g#
#......o#
#.#####.#
######.#####...
#<........##.###
#####.####.##.##.#
......# #.## ##.#
####### #.... ..#


You could see an orc wizard, 2 orcs and a goblin.

Vanquished Creatures
  An orc priest (D:3)
  A worker ant (D:2)
  5 adders (D:2)
  An ooze (D:1)
  A dart slug (D:2)
  3 leopard geckos (D:2)
  An orc (D:2)
  2 giant cockroaches (D:1)
  7 goblins
  5 hobgoblins
  A ball python (D:2)
  4 bats
  4 frilled lizards (D:1)
  6 kobolds
  6 rats
48 creatures vanquished.

Notes
Turn   | Place    | Note
-------+----------+-------------------------------------------
     0 | D:1      | Cryoshakespeare the Vampire Fighter began the quest for the
                  | Orb.
     0 | D:1      | Reached XP level 1. HP: 17/17 MP: 1/1
   205 | D:1      | Reached XP level 2. HP: 23/23 MP: 2/2
   821 | D:2      | Reached XP level 3. HP: 8/29 MP: 3/3
  1033 | D:2      | Found a snail-covered altar of Cheibriados.
  1115 | D:2      | Found a hide-covered altar of Uskayaw.
  1116 | D:2      | Found a radiant altar of Vehumet.
  1116 | D:2      | Found an iron altar of Okawaru.
  1118 | D:2      | Found an ornate altar of the Wu Jian Council.
  1121 | D:2      | Reached XP level 4. HP: 35/35 MP: 4/4
  1127 | D:2      | Became a worshipper of Uskayaw the Reveler
  1193 | D:2      | Reached * piety under Uskayaw
  1195 | D:2      | Reached ** piety under Uskayaw
  1200 | D:2      | Reached *** piety under Uskayaw
  1560 | D:3      | Reached skill level 1 in Invocations
  1560 | D:3      | Reached XP level 5. HP: 13/42 MP: 5/5
  1561 | D:3      | HP: 1/42 [orc/cursed -3 trident (3)]
  1562 | D:3      | Killed from afar by an orc wizard

Levels and vault maps discovered:
D:1:      co_arrival_hexagon_in_a_hexagon, layout_basic,
          chequers_serial_rivers_micro_c, serial_bayou_ford_a
D:2:      layout_rooms, grunt_temple_overflow_open, cheibriados_altar_1,
          first_ration, minmay_pentomino_q4
D:3:      layout_loops_cross, chequers_temple_overflow_minitemple, uniq_natasha

Skill      XL: |  1  2  3  4 |
---------------+-------------+-----
Fighting       | 3 |  3.7
Armour         | 3 |  3.3
Long Blades    | 3 |  3.3
Invocations    | 1 |  1.0
Shields        | |  2.6

Action                   |  1- 3 |  4- 6 || total
-------------------------+-------+-------++-------
Melee: Long sword        |   104 |    66 ||   170
       Bite              |    14 |     8 ||    22
  Use: Potion            |       |     1 ||     1
 Stab: Paralysed         |       |     1 ||     1
Armor: Scale mail        |    85 |    28 ||   113
Dodge: Dodged            |    43 |    21 ||    64
Block: Shield            |    67 |    42 ||   109
       Rpst.: Long sword |    13 |     6 ||    19
